Map: Frozen Temple

Players

Gracz - Winner!

  • Race: Zerg Zerg
  • League: Silver

khenu

  • Race: Terran Terran
  • League: Gold

VOD

Have the link to the VOD?

Description

Time

  • Played on: Oct. 26, 2016, 2:26 p.m.
  • Length: 12:42
Show
View Real Time Build Order
Export as new Build Order

Gracz Zerg - Winner!

Build Orders: Hatch First 

Get SALT Encoding   

  12  0:03  Drone  
  13  0:14  Overlord  
  13  0:30  Drone  
  13  0:33  Drone  
  15  0:50  Drone  
  15  0:54  Unknown, Hatchery  
  15  0:58  Drone  
  15  0:59  Drone  
  15  1:02  Extractor  
  15  1:03  Drone  
  18  1:18  Drone  
  18  1:30  Spawning Pool  
  17  1:34  Drone  
  18  1:49  Drone x2  
  20  1:54  Extractor  
  19  2:04  Drone  
  19  2:05  Unknown  
  20  2:09  Drone x2  
  22  2:17  Queen x2  
  22  2:19  Drone  
  27  2:33  Roach Warren  
  26  2:39  Evolution Chamber  
  26  2:41  Drone  
  26  2:42  Drone  
  26  2:43  Evolution Chamber  
  26  2:45  Drone  
  26  3:11  Zergling x2  
  26  3:12  Zergling x2  
  25  3:41  Drone x3  
  26  3:42  Overlord  
  26  3:43  Overlord x2  
  28  4:12  Lair  
  29  4:24  Drone x6  
  34  4:38  Unknown, Hatchery  
  33  4:49  Roach  
  33  4:50  Roach  
  33  4:51  Roach x4  
  45  4:59  Overlord x2  
  45  5:22  Drone  
  45  5:23  Drone x4  
  45  5:25  Extractor  
  45  5:27  Extractor  
  48  5:36  Infestation Pit  
  48  5:37  Overlord x3  
  47  5:46  Hydralisk Den  
  47  5:47  Spire  
  47  5:49  Unknown  
  45  5:52  Zerg Melee Weapons Level 1  
  45  5:53  Zerg Ground Armor Level 1  
  46  5:57  Drone x2  
  47  6:08  Drone  
  48  6:12  Drone x5  
  53  6:21  Drone  
  53  6:22  Drone x3  
  57  6:42  Lurker Den  
  57  6:45  Hive  
  57  6:48  Glial Reconstitution  
  57  6:49  Metabolic Boost  
  57  6:50  Drone  
  57  6:51  Drone x2  
  60  7:01  Queen  
  62  7:07  Zerg Flyer Weapons Level 1  
  62  7:11  Pneumatized Carapace  
  62  7:18  Zergling x16  
  70  7:25  Overseer x3  
  70  7:27  Overlord  
  70  7:52  Zerg Ground Armor Level 2, Zerg Melee Weapons Level 2  
  70  8:05  Extractor  
  70  8:12  Drone  
  70  8:13  Drone x8  
  70  8:16  Extractor  
  77  8:25  Muscular Augments  
  77  8:27  Adrenal Glands  
  77  8:36  Roach x4  
  85  8:50  Drone x3  
  85  8:51  Drone  
  85  8:53  Drone  
  85  8:55  Drone x3  
  93  9:12  Overlord x2  
  93  9:13  Overlord x2  
  86  9:29  Roach  
  86  9:30  Roach x6  
  72  10:03  Corruptor x9  
  88  10:35  Ultralisk Cavern  
  87  10:54  Overseer  
  87  10:57  Zergling x2  
  87  10:58  Zergling x16  
  87  11:01  Unknown, Hatchery  
  95  11:08  Greater Spire  
  95  11:21  Roach  
  95  11:22  Roach x5  
  106  12:05  Queen x3  
  112  12:11  Overlord x4  
  112  12:12  Unknown  
  112  12:16  Drone  
Show
View Real Time Build Order
Export as new Build Order

khenu Terran 

Build Orders: MMM Bio 

Get SALT Encoding   

  12  0:11  SCV  
  13  0:22  Supply Depot  
  13  0:23  SCV  
  14  0:35  SCV  
  15  0:47  Barracks  
  15  0:52  SCV  
  16  1:02  Refinery  
  16  1:04  SCV  
  17  1:12  Barracks  
  17  1:16  SCV  
  18  1:35  Orbital Command  
  18  1:47  Refinery  
  18  1:48  Reaper  
  18  1:54  Supply Depot  
  19  2:01  SCV  
  19  2:07  Reaper  
  21  2:19  Unknown, Command Center  
  21  2:23  Reaper  
  22  2:40  SCV  
  23  2:52  SCV  
  24  3:06  SCV  
  25  3:18  SCV  
  26  3:30  Unknown  
  25  3:47  Orbital Command  
  25  3:59  Factory  
  25  4:01  SCV  
  26  4:10  Barracks  
  26  4:15  Barracks Tech Lab  
  26  4:16  Orbital Command  
  26  4:30  Marine  
  27  4:35  Supply Depot  
  27  4:48  Marine  
  27  4:49  Marine  
  29  5:03  SCV x2  
  31  5:15  SCV  
  31  5:24  Widow Mine  
  31  5:27  Marine x2  
  35  5:31  Marauder  
  37  5:36  Bunker  
  37  5:45  Marine  
  37  5:48  Marine  
  39  5:52  Marauder  
  39  5:53  Widow Mine  
  43  6:01  Refinery  
  43  6:03  Marine, SCV x2  
  46  6:06  Marine  
  47  6:13  Refinery  
  47  6:18  SCV x2  
  49  6:24  Widow Mine  
  51  6:27  Marauder  
  51  6:28  Marine  
  54  6:33  Supply Depot  
  54  6:42  Stimpack  
  54  6:47  Barracks  
  54  6:51  Starport  
  54  6:54  Marine  
  54  6:55  Marine, Marauder  
  58  7:19  Marine x2, Marauder  
  62  7:35  Supply Depot  
  62  7:38  Supply Depot  
  62  7:47  Marine x2, Marauder, Widow Mine  
  68  7:53  SCV  
  68  7:54  SCV  
  68  7:56  Liberator  
  70  8:06  SCV  
  70  8:09  Marine x4  
  75  8:18  Widow Mine  
  80  8:27  Marine  
  81  8:28  Barracks Tech Lab  
  81  8:29  Barracks Reactor  
  81  8:37  SCV x2  
  83  8:43  Supply Depot  
  83  8:49  SCV x2  
  83  8:51  Supply Depot  
  85  9:01  Medivac, SCV x2  
  89  9:13  Supply Depot  
  72  9:36  Supply Depot  
  70  9:52  Marine x2  
  66  9:53  Marine x2  
  59  10:09  SCV x2  
  59  10:13  Marine x3  
  64  10:21  SCV  
  64  10:24  Combat Shields  
  64  10:26  Concussive Shells  
  66  10:30  Marauder  
  66  10:31  Marine  
  66  10:32  Marauder  
  67  11:06  Widow Mine  
  67  11:09  Marine, Marauder x2  
  67  11:10  Marine x2  
  76  11:12  Medivac  
  78  11:27  Marine  
  71  11:45  Marine x3  
  71  11:46  Marine x2  
  74  11:50  Widow Mine  
  76  12:03  Marine x2  
  76  12:04  Marauder x2  
  82  12:08  Medivac  
  82  12:15  Unknown, Command Center  
Tags
 
Add a new tag
Caveats
  • Supply blocks, unpowered buildings, or Contaminate may cause inaccurate times.
  • Supply counts are checked every 10 seconds.